Map: Temple gelé

Players

pupu - Winner!

  • Race: Protoss Protoss
  • League: Silver

BigLouiss

  • Race: Terran Terran
  • League: Gold

VOD

Have the link to the VOD?

Description

Time

  • Played on: April 14, 2016, 11:26 a.m.
  • Length: 12:21
Show
View Real Time Build Order
Export as new Build Order

pupu Protoss - Winner!

Build Orders: Nexus First 

Get SALT Encoding   

  12  0:01  Probe (Chrono Boost)  
  13  0:11  Probe (Chrono Boost)  
  14  0:18  Pylon  
  14  0:22  Probe (Chrono Boost)  
  15  0:37  Probe (Chrono Boost)  
  16  0:57  Nexus  
  16  1:07  Gateway  
  16  1:10  Probe (Chrono Boost)  
  17  1:17  Assimilator  
  17  1:20  Probe (Chrono Boost)  
  18  1:25  Assimilator  
  18  1:31  Probe (Chrono Boost)  
  19  1:42  Probe (Chrono Boost)  
  20  1:53  Probe (Chrono Boost)  
  21  1:55  Cybernetics Core  
  21  2:09  Pylon  
  21  2:10  Probe x2 (Chrono Boost)  
  23  2:21  Probe x2 (Chrono Boost)  
  25  2:26  Pylon  
  25  2:30  Warp Gate (Chrono Boost)  
  25  2:31  Probe (Chrono Boost)  
  25  2:32  Stalker (Chrono Boost)  
  28  2:39  Probe  
  28  2:42  Probe  
  30  2:50  Probe  
  30  2:54  Probe  
  30  2:56  Twilight Council  
  32  3:00  Probe  
  32  3:04  Sentry  
  35  3:12  Probe  
  36  3:13  Robotics Facility  
  36  3:22  Probe  
  36  3:24  Probe  
  38  3:34  Gateway  
  38  3:36  Gateway  
  38  3:39  Charge (Chrono Boost)  
  38  3:52  Pylon  
  38  3:57  Mothership Core  
  38  4:00  Warp Prism  
  42  4:04  Probe  
  43  4:12  Gateway  
  43  4:14  Pylon  
  43  4:16  Probe  
  44  4:18  Probe, Pylon  
  45  4:28  Assimilator  
  45  4:29  Pylon  
  45  4:35  Probe  
  45  4:36  Probe  
  47  4:43  Forge  
  47  4:46  Gateway  
  47  4:48  Gateway  
  47  4:51  Pylon  
  47  4:54  Probe  
  47  4:55  Pylon  
  47  4:56  Probe  
  49  5:05  Zealot  
  49  5:06  Zealot x2  
  55  5:15  Adept  
  57  5:40  Zealot x4  
  58  5:45  Probe x2  
  53  5:54  Photon Cannon  
  53  5:56  Observer (Chrono Boost)  
  50  5:58  Photon Cannon  
  50  6:01  Photon Cannon  
  45  6:04  Probe x2  
  42  6:16  Stalker x2  
  42  6:17  Stalker  
  41  6:32  Stalker x2  
  43  6:39  Blink  
  43  6:40  Probe x2  
  45  6:52  Probe x2, Zealot  
  49  7:10  Stalker x2  
  53  7:22  Pylon  
  51  7:25  Pylon  
  51  7:28  Pylon  
  51  7:32  Probe, Protoss Ground Weapons Level 1 (Chrono Boost), Pylon  
  51  7:33  Photon Cannon  
  52  7:37  Photon Cannon  
  52  7:42  Stalker x2  
  56  7:47  Probe x2  
  56  7:48  Assimilator  
  58  7:59  Probe  
  58  8:00  Probe  
  60  8:20  Zealot x2  
  60  8:21  Zealot  
  60  8:22  Zealot x3  
  64  9:09  Zealot x4  
  66  9:10  Zealot x2  
  70  9:17  Probe x2  
  72  9:26  Protoss Shields Level 1 (Chrono Boost), Immortal  
  72  9:29  Probe x2  
  78  9:41  Probe x2  
  80  9:53  Probe x2  
  80  9:55  Nexus  
  82  10:03  Pylon  
  82  10:04  Pylon  
  82  10:05  Probe  
  82  10:06  Probe  
  84  10:07  Pylon  
  84  10:08  Pylon  
  84  10:16  Zealot x3  
  84  10:17  Zealot x3  
  84  10:18  Probe  
  97  10:26  Probe  
  98  10:30  Probe, Immortal  
  103  10:37  Gateway  
  103  10:40  Gateway  
  103  10:43  Gateway  
  103  10:46  Gateway  
  103  10:51  Gateway  
  103  10:53  Sentry x4  
  103  10:54  Gateway  
  111  11:00  Zealot x2  
  115  11:06  Probe  
  115  11:08  Probe x2  
  118  11:16  Warp Prism  
  118  11:17  Probe  
  120  11:20  Probe  
  120  11:22  Sentry x3  
Show
View Real Time Build Order
Export as new Build Order

BigLouiss Terran 

Build Orders: Banshee Rush 

Get SALT Encoding   

  12  0:03  SCV  
  13  0:18  SCV  
  14  0:21  Supply Depot  
  14  0:30  Refinery, SCV  
  15  0:54  SCV  
  15  0:56  Barracks  
  16  1:06  SCV  
  17  1:18  SCV  
  18  1:44  Orbital Command  
  18  1:48  Factory  
  18  2:02  Command Center  
  18  2:09  Refinery  
  18  2:28  SCV  
  19  2:38  Starport  
  19  2:39  Supply Depot  
  19  2:44  SCV  
  20  2:54  Starport  
  20  3:04  Factory Tech Lab  
  20  3:18  Starport Tech Lab  
  20  3:20  Bunker  
  20  3:31  Orbital Command  
  20  3:33  Starport Tech Lab  
  20  3:41  Marine  
  20  3:43  SCV  
  20  3:45  Cloaking Field  
  20  3:47  Banshee  
  25  3:54  Banshee  
  28  3:57  SCV  
  28  3:59  SCV  
  28  4:01  Orbital Command  
  30  4:09  Marine  
  31  4:18  Siege Tank  
  34  4:26  Marine  
  34  4:27  SCV x2  
  37  4:32  Refinery  
  37  4:37  Banshee  
  40  4:42  Engineering Bay  
  40  4:43  SCV x2  
  42  4:46  Marine  
  43  4:59  Factory, SCV x2  
  45  5:09  Supply Depot  
  45  5:10  Supply Depot  
  45  5:11  Missile Turret  
  45  5:21  Missile Turret  
  45  5:26  Missile Turret  
  45  5:30  Siege Tank  
  31  6:25  Viking x2  
  24  7:38  SCV x2  
  26  7:50  SCV x2  
  28  7:52  Factory Tech Lab  
  28  7:57  Command Center  
  28  8:00  Barracks  
  28  8:02  Missile Turret  
  28  8:07  Supply Depot  
  28  8:14  Supply Depot  
  28  8:22  Siege Tank  
  31  8:30  Refinery  
  31  8:36  SCV x2  
  33  8:48  SCV x2  
  32  9:00  SCV  
  32  9:13  Missile Turret  
  32  9:15  Missile Turret  
  32  9:16  Missile Turret  
  32  9:28  Missile Turret  
  32  9:30  Starport  
  32  9:41  Planetary Fortress  
  32  10:01  SCV x2  
  34  10:13  SCV  
  34  10:14  SCV  
  36  10:27  Barracks  
  36  10:31  Barracks x2  
  36  10:40  Starport Tech Lab  
  36  10:55  SCV  
  37  10:59  SCV  
  38  11:04  SCV  
  38  11:07  SCV  
  40  11:13  SCV  
  40  11:16  SCV  
  42  11:20  SCV  
  43  11:25  SCV  
  43  11:31  SCV  
  43  11:32  Missile Turret  
  45  11:33  SCV  
  45  11:39  SCV  
  47  11:44  SCV  
  47  11:46  Barracks Tech Lab x3  
Tags
 
Add a new tag
Caveats
  • Supply blocks, unpowered buildings, or Contaminate may cause inaccurate times.
  • Supply counts are checked every 10 seconds.